Map: Pilares de oro EE

Players

MrFercho - Winner!

  • Race: Zerg Zerg
  • League: Silver
  • Spawn Location: 1:00

TahVeZ

  • Race: Protoss Protoss
  • League: Silver
  • Spawn Location: 7:00

VOD

Have the link to the VOD?

Description

Time

  • Played on: June 22, 2020, 5:31 p.m.
  • Length: 12:52
Show
View Real Time Build Order
Export as new Build Order

MrFercho Zerg - Winner!

Build Orders: Hatch First 

Get SALT Encoding   

  12  0:01  Drone  
  13  0:16  Overlord  
  13  0:17  Drone  
  14  0:34  Drone x2  
  16  0:51  Hatchery  
  16  0:56  Drone  
  16  1:10  Spawning Pool  
  15  1:12  Drone  
  15  1:16  Drone  
  17  1:20  Drone  
  17  1:24  Drone  
  19  1:30  Extractor  
  18  1:34  Drone  
  19  1:45  Drone  
  20  1:56  Overlord  
  20  1:57  Queen  
  22  2:03  Queen  
  22  2:06  Drone  
  25  2:09  Drone  
  25  2:14  Drone  
  27  2:17  Drone  
  28  2:26  Drone  
  28  2:27  Drone  
  30  2:35  Drone  
  31  2:39  Lair  
  31  2:45  Drone  
  31  2:50  Drone x2  
  34  2:58  Overlord  
  34  3:04  Drone  
  35  3:11  Spine Crawler  
  34  3:12  Spine Crawler  
  34  3:14  Roach Warren, Drone x4  
  36  3:23  Drone x4  
  40  3:31  Overlord  
  40  3:36  Extractor  
  40  3:39  Extractor  
  38  3:51  Spore Crawler  
  38  3:54  Zergling x4  
  39  3:59  Drone x3  
  39  4:00  Evolution Chamber  
  41  4:14  Drone x3  
  44  4:20  Overlord  
  44  4:22  Overlord  
  44  4:38  Queen, Roach x3  
  52  4:42  Roach x2  
  52  4:44  Roach x2  
  58  5:03  Zergling x2  
  58  5:04  Zergling x2  
  58  5:05  Overlord x3  
  58  5:06  Overlord  
  58  5:07  Overlord  
  60  5:11  Glial Reconstitution, Zerg Missile Weapons Level 1  
  60  5:32  Overseer  
  60  5:42  Drone  
  61  5:43  Drone x3  
  61  5:44  Drone x6  
  61  5:45  Drone x2  
  72  6:02  Hatchery  
  71  6:07  Hatchery  
  71  6:09  Evolution Chamber  
  69  6:14  Hydralisk Den  
  69  6:17  Extractor, Drone x2  
  69  6:18  Drone x3  
  72  6:28  Roach x7  
  86  6:48  Drone x5  
  86  6:50  Zerg Ground Armor Level 1  
  79  7:02  Hydralisk x5  
  79  7:04  Overlord  
  89  7:33  Overlord, Spine Crawler  
  89  7:34  Overlord  
  89  7:35  Hydralisk x3  
  94  7:39  Spine Crawler  
  90  7:55  Roach  
  90  7:56  Roach x13  
  97  8:08  Drone x6  
  85  8:55  Hydralisk  
  85  8:56  Hydralisk x14  
  115  9:15  Zerg Missile Weapons Level 2  
  115  9:26  Drone x7  
  116  9:41  Hatchery x2  
  116  9:42  Hydralisk  
  116  9:43  Hydralisk x5  
  116  9:45  Hatchery  
  113  10:01  Overlord x2  
  113  10:05  Hydralisk x5  
  119  10:20  Extractor  
  118  10:24  Extractor  
  118  10:28  Grooved Spines  
  101  10:36  Infestation Pit  
  94  10:50  Hydralisk  
  94  10:51  Hydralisk x3  
  98  11:11  Hydralisk x5  
  104  11:26  Drone x19  
  104  11:30  Hatchery  
  122  11:35  Extractor  
  122  11:36  Extractor  
  122  11:37  Hydralisk  
  122  11:38  Hydralisk x8  
  122  11:39  Muscular Augments  
  138  12:02  Hydralisk x5  
  138  12:03  Hydralisk x3  
  138  12:06  Overlord x2  
  138  12:07  Overlord x3  
  136  12:40  Spire  
Show
View Real Time Build Order
Export as new Build Order

TahVeZ Protoss 

Build Orders:  

Get SALT Encoding   

  12  0:00  Probe  
  13  0:13  Probe  
  14  0:25  Probe  
  14  0:27  Pylon  
  15  0:45  Probe  
  16  0:51  Gateway  
  16  0:52  Gateway  
  16  0:57  Probe  
  16  1:02  Assimilator  
  17  1:10  Pylon  
  17  1:14  Assimilator  
  17  1:24  Probe  
  18  1:37  Probe  
  19  1:40  Zealot x2  
  23  1:49  Probe, Cybernetics Core  
  24  2:14  Probe  
  24  2:15  Zealot x2  
  29  2:32  Pylon  
  29  2:43  Stalker  
  31  2:50  Stalker  
  31  2:51  Warp Gate  
  33  2:55  Probe  
  34  3:14  Probe  
  34  3:16  Nexus  
  35  3:39  Robotics Facility  
  35  3:46  Stalker x2  
  39  3:56  Pylon  
  39  4:28  Probe  
  39  4:32  Probe  
  39  4:36  Probe  
  41  4:40  Probe  
  43  4:46  Probe  
  43  4:50  Probe  
  45  4:56  Immortal  
  45  4:58  Probe  
  46  5:02  Probe  
  51  5:10  Probe  
  53  5:14  Probe  
  53  5:16  Assimilator  
  53  5:17  Pylon  
  53  5:20  Assimilator  
  53  5:26  Probe  
  54  5:35  Immortal  
  54  5:38  Probe  
  54  5:40  Gateway  
  59  6:02  Stalker  
  59  6:03  Stalker  
  63  6:14  Observer  
  63  6:16  Probe  
  64  6:24  Probe  
  65  6:26  Pylon  
  65  6:31  Pylon  
  66  6:34  Probe  
  66  6:36  Forge  
  66  6:39  Gateway  
  67  6:46  Probe  
  68  6:58  Probe  
  67  7:04  Stalker x3  
  73  7:28  Observer  
  73  7:37  Stalker x2  
  59  8:07  Stalker  
  59  8:08  Stalker x3  
  63  8:27  Stargate  
  63  8:29  Stargate x2  
  63  8:30  Stargate  
  63  8:37  Stalker x2  
  67  8:42  Nexus  
  45  8:59  Immortal  
  41  9:03  Void Ray x2  
  41  9:06  Void Ray x2  
  45  9:11  Stalker  
  45  9:12  Stalker x3  
  67  9:35  Stalker  
  67  9:36  Stalker x3  
  65  10:08  Void Ray x3, Pylon  
  77  10:25  Void Ray  
  59  10:42  Probe  
  55  10:51  Void Ray  
  55  10:54  Probe  
  60  10:58  Stalker x3  
  60  10:59  Stalker  
  64  11:07  Probe  
  65  11:17  Probe  
  65  11:18  Probe  
  66  11:19  Assimilator  
  66  11:25  Probe  
  67  11:29  Immortal  
  67  11:30  Probe  
  73  11:33  Probe  
  74  11:42  Probe  
  74  11:45  Probe, Zealot x3  
  82  11:54  Probe  
  82  11:57  Probe  
  82  11:58  Immortal  
  82  12:00  Assimilator  
  84  12:04  Assimilator  
  76  12:22  Stalker  
  76  12:23  Stalker x3  
Tags
 
Matchup
PvZ
Replay Pack
MrFercho
Spawn Locations
Cross Positions
Add a new tag
Caveats
  • Supply blocks, unpowered buildings, or Contaminate may cause inaccurate times.
  • Supply counts are checked every 10 seconds.